 Dungeon Crawl Stone Soup version 0.21.1-1-g345015f (webtiles) character file.

56 Figureslego113 the Conjurer (level 3, -8/26 HPs)
             Began as a Draconian Conjurer on June 21, 2018.
             Killed by nerve-wracking pain
             ... invoked by an orc priest
              (13 damage)
             ... on level 3 of the Dungeon.
             The game lasted 00:07:43 (2287 turns).

Figureslego113 the Conjurer (Draconian Conjurer)    Turns: 2287, Time: 00:07:44

Health: -8/26      AC:  6    Str: 10    XL:     3   Next: 71%
Magic:  2/6        EV: 12    Int: 16    God:
Gold:   97         SH:  0    Dex: 11    Spells: 5/6 levels left

rFire    . . .     SeeInvis .   (no weapon)
rCold    . . .     Gourm    .   (no shield)
rNeg     . . .     Faith    .   (armour unavailable)
rPois    .         Spirit   .   (helmet restricted)
rElec    .         Reflect  .   (no cloak)
rCorr    .         Harm     .   (no gloves)
MR       .....                  i - +0 pair of boots
Stlth    ++........             (no amulet)
HPRegen  0.08/turn              (no ring)
MPRegen  0.10/turn              (no ring)

@: no status effects
A: unfitting armour, cold-blooded, AC +5
a: no special abilities


You were on level 3 of the Dungeon.
You were not hungry.

You visited 1 branch of the dungeon, and saw 3 of its levels.

You collected 97 gold pieces.

Inventory:

Armour
 i - a +0 pair of boots (worn)
 p - a +0 pair of gloves
Jewellery
 c - an uncursed ring of see invisible {unknown}
Wands
 n - a wand of acid (9)
Scrolls
 g - 2 scrolls of remove curse {unknown}
 h - a scroll of random uselessness {unknown}
 j - a scroll of enchant weapon {unknown}
 k - 3 scrolls of immolation {unknown}
 m - a scroll of magic mapping {unknown}
 o - a scroll of blinking {unknown}
Potions
 d - 3 potions of flight {unknown}
 e - 2 potions of degeneration {unknown}
 f - 2 potions of curing {unknown}
 l - a potion of resistance {unknown}
Books
 a - a book of Conjurations

   Spells                             Type                      Level
   a - Magic Dart                     Conjuration                  1
   b - Searing Ray                    Conjuration                  2
   c - Dazzling Spray                 Conjuration/Hexes            3
   d - Fulminant Prism                Conjuration/Hexes            4
   e - Force Lance                    Conjuration/Translocation    4
   f - Iskenderun's Mystic Blast      Conjuration                  4
Comestibles
 b - 2 rations


   Skills:
 + Level 1.9 Dodging
 - Level 1.7 Stealth
 + Level 2.1 Spellcasting
 * Level 5.3 Conjurations


You had 5 spell levels left.
You knew the following spells:

 Your Spells              Type           Power        Failure   Level  Hunger
a - Magic Dart            Conj           ###.         2%          1    #......


Dungeon Overview and Level Annotations

Branches:
Dungeon (3/15)

Altars:
Gozag
Trog


Innate Abilities, Weirdness & Mutations

Your plain brown scales are hard. (AC +5)
You cannot fit into any form of body armour.
You are cold-blooded and may be slowed by cold attacks.


Message History

Okay, then.
The orc priest looks encouraged for a moment.
Found 13 poisoned needles.
The kobold hits you with a short sword!
Things that are here:
a pair of gloves; a hunting sling
p - a pair of gloves The kobold closely misses you.
Found a leather armour.
The orc priest mumbles some strange prayers to Beogh against you.
Beogh smites you!
A hobgoblin comes into view. It is wielding a club.
The orc priest mumbles some strange prayers to Beogh against you.
Pain shoots through your body!
* * * LOW HITPOINT WARNING * * *
A kobold comes into view. It is wielding a short sword.
The orc priest invokes the aid of Beogh against you.
Pain shoots through your body!
Ouch! That really hurt!
You die...

#..##......#
#.###......####.. #.#
#........#.. #.#
#....).#...### #### #
###.###......##....###...#.#
#............#(..#.#...#...#
######........._.#........
#....<.......#...#.##.#
#.......@.K.o..........
#..>.......o.##...(....
#............#....#....
#............).........
###)........[..........
#.##.g.......###.....
...#...K......# .....
..###..#......#.# .... .
#.##.....##.# .[..


You could see an orc priest, an orc, a hobgoblin and 2 kobolds.

Vanquished Creatures
  3 oozes
  A worm (D:2)
  2 dart slugs
  2 leopard geckos
  2 orcs (D:3)
  6 bats
  3 goblins
  5 hobgoblins
  A quokka (D:2)
  5 frilled lizards
  A kobold (D:2)
  3 rats (D:2)
34 creatures vanquished.

Notes
Turn   | Place    | Note
-------+----------+-------------------------------------------
     0 | D:1      | Figureslego113 the Draconian Conjurer began the quest for the Orb.
     0 | D:1      | Reached XP level 1. HP: 14/14 MP: 3/3
   372 | D:1      | Reached XP level 2. HP: 20/20 MP: 0/5
  1256 | D:2      | Reached XP level 3. HP: 23/26 MP: 1/6
  1292 | D:2      | Found an opulent altar of Gozag.
  1390 | D:2      | Reached skill level 5 in Conjurations
  2244 | D:3      | Found a bloodstained altar of Trog.
  2287 | D:3      | Killed from afar by an orc priest

Skill      XL: |  1  2  3 |
---------------+----------+-----
Conjurations   | 5 |  5.3
Dodging        | |  1.9
Stealth        | |  1.7
Spellcasting   | |  2.1

Action                   || total
-------------------------++-------
Melee: Unarmed           ||    27
       Tailslap          ||     1
 Cast: Magic Dart        ||    87
  Eat: Chunk             ||     6
Armor: Skin              ||    11
Dodge: Dodged            ||    16
